 Dungeon Crawl Stone Soup version 0.29-a0-322-g68df515428 (webtiles) character file.

Game seed: 1332256842215629972

9 GigaChad the Sneak (level 2, -4/23 HPs)
             Began as a Vampire Delver on Apr 7, 2022.
             Was an Initiate of Ashenzari.
             Killed by nerve-wracking pain
             ... invoked by Grinder
              (13 damage)
             ... on level 5 of the Dungeon.
             The game lasted 00:01:42 (194 turns).

GigaChad the Sneak (Vampire Delver)                  Turns: 194, Time: 00:01:43

Health: -4/23      AC:  3    Str: 11    XL:     2   Next: 3%
Magic:  2/2        EV: 12    Int: 12    God:    Ashenzari [......]
Gold:   0          SH:  0    Dex: 15    Spells: 1/1 levels left

rFire   . . .      SeeInvis +   a - +0 falchion
rCold   . . .      Faith    .   (no shield)
rNeg    . . .      Spirit   .   b - +0 leather armour
rPois   .          Reflect  .   (no helmet)
rElec   .          Harm     .   (no cloak)
rCorr   .          Rampage  .   (no gloves)
Will    .....                   (no boots)
Stlth   ++++......              (no amulet)
HPRegen 0.27/turn               (no ring)
MPRegen 0.08/turn               (no ring)

@: healing quickly
A: alive, fangs 3, see invisible, vampiric 1
a: Exsanguinate, Renounce Religion


You were on level 5 of the Dungeon.
You worshipped Ashenzari.
Ashenzari was noncommittal.
You visited 2 branches of the dungeon, and saw 2 of its levels.

Inventory:

Hand Weapons
 a - a +0 falchion (weapon)
Armour
 b - a +0 leather armour (worn)
Wands
 g - a wand of digging (3)
Scrolls
 c - a scroll of fog
 d - a scroll of magic mapping
 e - a scroll of fear
Potions
 f - a potion of haste


   Skills:
 + Level 2.7 Fighting
 + Level 2.0 Long Blades
 + Level 2.2 Dodging
 + Level 7.8 Stealth


You had one spell level left.
You didn't know any spells.
Your spell library was empty.

Dungeon Overview and Level Annotations

Branches:
Dungeon (5/15)             Temple (1/1) D:5

Altars:
Ashenzari
Cheibriados
Dithmenos
Elyvilon
Fedhas
Gozag
Hepliaklqana
Kikubaaqudgha
Makhleb
Nemelex Xobeh
Okawaru
Qazlal
Ru
Sif Muna
Trog
Vehumet
Wu Jian
Xom
Yredelemnul
Zin
The Shining One

Annotations:
D:5 Grinder


Innate Abilities, Weirdness & Mutations

Your natural rate of healing is accelerated.
You have razor-sharp teeth.
You have supernaturally acute eyesight. (SInv)
You are afflicted with vampirism.


Message History

Found a shimmering altar of Xom.
Found a shimmering blue altar of Sif Muna.
Found a glowing silver altar of Zin.
There is a broken altar of Ashenzari here.
You kneel at the altar of Ashenzari.
Ashenzari welcomes you!
Ashenzari warns you of distant threats and treasures.
Ashenzari reveals the structure of the dungeon to you.
Ashenzari shows you where magical portals lie.
Found a radiant altar of Vehumet.
There is a glowing silver altar of Zin here.
Found three altars.
Found a hazy altar of Hepliaklqana.
Found an iron altar of Okawaru.
There is a staircase back to the Dungeon here.
You can't go down here!
Unknown command.
You climb upwards.
Level annotation: Grinder
There is a staircase to the Ecumenical Temple here.
Grinder blinks!
You see here 7 gold pieces.
Found a bubbling red potion.
A shadow imp comes into view.
You see here 7 gold pieces.
Grinder blinks!
Grinder gestures at you.
You suddenly lose the ability to move!
Grinder gestures at you. Pain shoots through your body!
You can move again.
You see here 7 gold pieces.
Grinder gestures at you. Pain shoots through your body!
The shadow imp shouts!
You hear a shout!
Found a blackened lead wand.
Grinder gestures at you. Pain shoots through your body!
Grinder gestures at you. Pain shoots through your body!
Ouch! That really hurt!
You die...

#.##.# ##....#.#. #######
#.##.## #......... #.....#
#.....######....#.#.#
#.....####.##..#.......#......
#..........##........#...#.>.#
#.....########.#.......#......
#.>...# ##.#######...#.#.#
####### #...# #.5...... #@..#
###....#.#. #...# #$5........
#.### #.#...#.#.# #.#
#.#...#...# #.######.##.......
#.5.5.5...........
........#####...........
#######.# #..##..###.. #.#
.......# ..


You could see Grinder.

Vanquished Creatures
  An adder (D:5)
1 creature vanquished.

Notes
Turn   | Place    | Note
-------+----------+-------------------------------------------
     0 | D:5      | GigaChad the Vampire Delver began the quest for the Orb.
     0 | D:5      | Reached XP level 1. HP: 17/17 MP: 1/1
    12 | D:5      | Noticed a howler monkey
    27 | D:5      | Found a staircase to the Ecumenical Temple.
    29 | D:5      | Noticed a scorpion
    33 | D:5      | Noticed Grinder
    37 | D:5      | Reached XP level 2. HP: 16/23 MP: 2/2
    42 | Temple   | Entered the Ecumenical Temple
   111 | Temple   | Became a worshipper of Ashenzari the Shackled
   175 | D:5      | Paralysed by Grinder for 2 turns
   194 | D:5      | Killed from afar by Grinder

Illustrated notes

Levels and vault maps discovered:
D:5:      layout_loops_cross, minmay_temple_entry_sparse_star, serial_undead,
          serial_undead_e, serial_undead_e, serial_undead_c, serial_undead_c,
          uniq_grinder, uniq_blork_the_orc
Temple:   nicolae_temple_the_god_donut

Action                   || total
-------------------------++-------
Melee: Falchion          ||     2
Armor: Leather armour    ||     1
Dodge: Dodged            ||     2

Table legend: (Time is in decaauts)
 A = Elapsed time spent in this place.
 B = Non-inter-level travel time spent in this place.
 C = Inter-level travel time spent in this place.
 D = Time resting spent in this place.
 E = Time spent auto-exploring this place.
 F = Levels seen in this place.
 G = Mean time per level.
                   A        B        C        D        E       F      G
               +--------+--------+--------+--------+--------+-----+--------+
         Total |    194 |    194 |      0 |      0 |      0 |   2 |   97.0 |
       Dungeon |     81 |     81 |      0 |      0 |      0 |   1 |   81.0 |
        Temple |    112 |    112 |      0 |      0 |      0 |   1 |  112.0 |
               +--------+--------+--------+--------+--------+-----+--------+

Top non-repeatable levels by time:
  Temple: 112 daAuts
     D:5: 81 daAuts
